 Dungeon Crawl Stone Soup version 0.24-a0-586-g8e0e932a4c (webtiles) character file.

Game seed: 13716198856577608257, levelgen mode: deterministic

2993 MirrMurr the Archer (level 9, -13/81 HPs)
             Began as a Centaur Berserker on Sept 7, 2019.
             Was an Elder of Trog.
             Mangled by Harold
             ... wielding a +0 short sword
              (18 damage)
             ... on level 8 of the Dungeon on Sept 8, 2019.
             The game lasted 00:17:42 (8039 turns).

MirrMurr the Archer (Centaur Berserker)             Turns: 8039, Time: 00:17:42

Health: -13/81     AC:  9    Str: 20    XL:     9   Next: 54%
Magic:  9/9        EV:  9    Int:  6    God:    Trog [****..]
Gold:   493        SH:  0    Dex: 12    Spells: 8/8 levels left

rFire    + . .     SeeInvis .   b - +1 whip (elec)
rCold    + . .     Gourm    .   (no shield)
rNeg     . . .     Faith    .   H - +3 leather armour of the Swamp {rF+ rC+}
rPois    .         Spirit   .   (no helmet)
rElec    .         Reflect  .   (no cloak)
rCorr    .         Harm     .   q - +1 pair of gloves
MR       .....                  (no barding)
Stlth    +.........             (no amulet)
HPRegen  0.23/turn              (no ring)
MPRegen  0.11/turn              (no ring)

@: marked, berserk cooldown, slowed, studying Maces & Flails
A: large, hooves 3, deformed body, speed 2, tough skin 3
a: Berserk, Trog's Hand, Brothers in Arms, Renounce Religion


You were on level 8 of the Dungeon.
You worshipped Trog.
Trog was greatly pleased with you.
You were hungry.

You visited 1 branch of the dungeon, and saw 8 of its levels.
You also visited: Sewer.

You collected 493 gold pieces.

Inventory:

Hand Weapons
 a - a +2 shortbow
 b - a +1 whip of electrocution (weapon)
 n - a +0 trident
 F - a +2 flail of protection
Missiles
 d - 165 stones
 e - 239 arrows
 g - 13 javelins (quivered)
 l - 60 poisoned darts
 p - a throwing net {!f}
Armour
 q - a +1 pair of gloves (worn)
 H - the +3 leather armour of the Swamp (worn) {rF+ rC+}
   (You found it on level 7 of the Dungeon)

   It protects you from fire.
   It protects you from cold.
Wands
 u - a wand of flame (26)
 E - a wand of enslavement (11)
Scrolls
 f - a scroll of identify
 h - 10 scrolls of teleportation
 r - 4 scrolls of remove curse
 t - 2 scrolls of fog {unknown}
 v - a scroll of immolation
 A - a scroll of fear
 C - a scroll of magic mapping
Potions
 i - 3 potions of flight {unknown}
 j - 4 potions of curing
 k - a potion of lignification {unknown}
 m - a potion of agility {unknown}
 o - 2 potions of ambrosia
 x - 2 potions of haste
 z - 3 potions of berserk rage {unknown}
 B - a potion of magic {unknown}
 D - a potion of heal wounds {unknown}
Books
 s - a manual of Maces & Flails
Comestibles
 c - 18 rations
 w - 2 chunks of flesh


   Skills:
 + Level 7.9 Fighting
 + Level 5.0 Maces & Flails
 - Level 6.4 Polearms
 * Level 10.5 Bows
 - Level 1.3 Armour
 - Level 1.3 Dodging


You had 8 spell levels left.
You didn't know any spells.
Your spell library was empty.

Dungeon Overview and Level Annotations

Branches:
Dungeon (8/15)             Temple (0/1) D:6           Sewer (visited)
   Lair: D:8-11

Altars:
Makhleb
Nemelex Xobeh
Sif Muna

Annotations:
D:1 eels
D:8 Harold, Maurice, Prince Ribbit


Innate Abilities, Weirdness & Mutations

You have hooves in place of feet.
Armour fits poorly on your strangely shaped body.
You cover ground very quickly.
You have extremely tough skin. (AC +3)


Message History

The crocodile bites you! Harold hits you with a +0 short sword!
You barely miss Harold. Your kick misses Harold.
Harold is lightly wounded.
The crocodile barely misses you. Harold barely misses you.
You barely miss Harold. You kick Harold.
Harold is lightly wounded.
The crocodile bites you! Harold gestures at you while chanting.
A sentinel's mark forms upon you. The crocodile bites you!
You hit Harold. Lightning courses through Harold! You kick Harold!
Harold is heavily wounded.
Harold hits you with a +0 short sword!
* * * LOW HITPOINT WARNING * * *
The crocodile barely misses you. Harold hits you but does no damage.
Unknown command.
The crocodile bites you!
* * * LOW HITPOINT WARNING * * *
Harold hits you with a +0 short sword!!
You die...

.....h..#
#.<# ...#
#o.# ...
#.o. ..>
#.### ..
#o
##F####.#
..
#........
@.
#t@/....#
l.# #@#
#.# #.#
@.# ..#
#..# #..#
....


You could see Harold, Maurice, Prince Ribbit and a crocodile.

Vanquished Creatures
  Pikel (D:4)
  Menkaure (D:5)
  Edmund (D:6)
  A water moccasin (D:6)
  An orc warrior (D:6)
  3 phantoms (D:7)
  3 ogres
  A crocodile (Sewer)
  6 centaurs
  2 bullfrogs (D:7)
  3 scorpions (D:4)
  3 howler monkeys
  A centaur zombie (D:7)
  2 crimson imps
  A centaur skeleton (D:7)
  2 hounds
  2 jellies
  An orc priest (D:5)
  An iguana (D:6)
  3 worker ants
  An orc wizard (D:7)
  A hound zombie (D:7)
  3 gnolls (D:7)
  6 adders
  A shadow imp (D:5)
  3 oozes
  An adder zombie (D:7)
  An adder skeleton (D:6)
  2 worms
  2 dart slugs (D:1)
  7 leopard geckos
  10 orcs
  16 bats
  8 giant cockroaches
  8 goblins
  4 hobgoblins
  26 jackals
  2 quokkas
  A ball python (D:4)
  A ball python skeleton (D:6)
  12 frilled lizards
  4 kobolds
  A leopard gecko skeleton (D:6)
  A leopard gecko zombie (D:7)
  7 rats
168 creatures vanquished.

Vanquished Creatures (others)
  A quokka (D:5)
  A quokka skeleton (D:5)
2 creatures vanquished.

Grand Total: 170 creatures vanquished

Notes
Turn   | Place    | Note
-------+----------+-------------------------------------------
     0 | D:1      | MirrMurr the Centaur Berserker began the quest for the Orb.
     0 | D:1      | Reached XP level 1. HP: 19/19 MP: 1/1
     3 | D:1      | Noticed an electric eel
     3 | D:1      | Noticed an electric eel
    93 | D:1      | You fall into a shaft and drop 1 floor!
   112 | D:1      | Reached XP level 2. HP: 6/26 MP: 2/2
   681 | D:1      | Reached XP level 3. HP: 29/31 MP: 3/3
   860 | D:2      | Reached ** piety under Trog
  1239 | D:2      | Reached XP level 4. HP: 40/40 MP: 4/4
  1318 | D:2      | Found a burning altar of Makhleb.
  1990 | D:3      | Reached *** piety under Trog
  2501 | D:4      | Reached XP level 5. HP: 35/46 MP: 5/5
  2567 | D:4      | Noticed a centaur
  2571 | D:4      | Noticed a centaur
  2599 | D:4      | Killed a centaur
  2599 | D:4      | Reached skill level 5 in Polearms
  2602 | D:4      | Killed a centaur
  2602 | D:4      | Reached XP level 6. HP: 22/53 MP: 6/6
  3017 | D:4      | Reached skill level 5 in Fighting
  3027 | D:4      | Reached XP level 7. HP: 46/61 MP: 7/7
  3215 | D:4      | Upgraded the game from 0.24-a0-585-g5c5dc1b5cb to
                  | 0.24-a0-586-g8e0e932a4c
  3654 | D:5      | Entered Level 5 of the Dungeon
  3686 | D:5      | Noticed Pikel
  3696 | D:4      | Killed Pikel
  3696 | D:4      | Reached skill level 5 in Bows
  3696 | D:4      | Reached XP level 8. HP: 49/70 MP: 8/8
  3917 | D:5      | Found a sparkling altar of Nemelex Xobeh.
  3959 | D:5      | Noticed Menkaure
  3967 | D:5      | Killed Menkaure
  3967 | D:5      | Reached skill level 6 in Bows
  4241 | D:5      | Reached skill level 7 in Bows
  5390 | D:6      | Reached skill level 1 in Maces & Flails
  5390 | D:6      | Reached skill level 8 in Bows
  5783 | D:6      | Found a staircase to the Ecumenical Temple.
  5882 | D:6      | Noticed Edmund
  5903 | D:6      | Killed Edmund
  6073 | D:6      | Reached **** piety under Trog
  6137 | D:6      | Found a glowing drain.
  6141 | Sewer    | Entered a sewer
  6246 | Sewer    | Reached skill level 9 in Bows
  6246 | Sewer    | Reached XP level 9. HP: 79/79 MP: 9/9
  6784 | D:7      | Received a gift from Trog
  7171 | D:7      | Got a dazzling leather armour
  7214 | D:6      | Identified the +3 leather armour of the Swamp {rF+ rC+}
                  | (You found it on level 7 of the Dungeon)
  7460 | D:7      | Received a gift from Trog
  7582 | D:7      | Reached skill level 10 in Bows
  7723 | D:7      | Found a shimmering blue altar of Sif Muna.
  7991 | D:8      | Noticed Maurice
  7991 | D:8      | Noticed Prince Ribbit
  7997 | D:7      | Reached skill level 5 in Maces & Flails
  8026 | D:8      | Noticed Harold
  8039 | D:8      | Mangled by Harold

Levels and vault maps discovered:
D:1:      arrival_aquarium_b, layout_basic
D:2:      layout_basic, nicolae_overflow_crystal_walls
D:3:      layout_loops_ring, minmay_lizard_king
D:4:      layout_loops_ring, minmay_manual_mares
D:5:      layout_cave_pods, nemelex_xobeh_ov_fountains_minmay, first_ration,
          uniq_menkaure, uniq_pikel
D:6:      layout_loops_corners, minmay_temple_entry_mini_moons,
          gup_sewer_entry_spiral, serial_rivers, chequers_serial_rivers_small_b,
          chequers_serial_rivers_micro_d, chequers_serial_rivers_micro_c,
          chequers_serial_rivers_room_a, uniq_edmund
D:7:      layout_gridville, kennysheep_nub, lemuel_blue_sif_altar
D:8:      layout_loops_ring, lemuel_doored_altar, nicolae_gozag_seed_capital,
          kennysheep_little_box, hangedman_abyss_or_decor_stabs, grunt_pizzeria,
          nrook_mini_backslash, okawaru_gym_becter, uniq_maurice,
          uniq_prince_ribbit1, uniq_erica, uniq_harold

Skill      XL: |  1  2  3  4  5  6  7  8  9 |
---------------+----------------------------+-----
Polearms       | 3 4 5 6 |  6.4
Fighting       | 4 5 6 7 |  7.9
Bows           | 5 9 10 | 10.5
Maces & Flails | 3 5 |  5.0
Armour         | |  1.3
Dodging        | |  1.3

Action                   |  1- 3 |  4- 6 |  7- 9 || total
-------------------------+-------+-------+-------++-------
Melee: Spear             |   145 |   123 |   251 ||   519
       Kick              |    22 |    27 |    89 ||   138
       Whip              |       |       |    71 ||    71
 Fire: Shortbow          |       |       |    41 ||    41
Invok: Berserk           |     1 |     1 |     5 ||     7
       Trog's Hand       |       |       |     1 ||     1
  Use: Scroll            |     3 |     8 |     6 ||    17
  Eat: Chunk             |     1 |     5 |    15 ||    21
       Ration            |       |       |     1 ||     1
Armor: Animal skin       |    31 |       |       ||    31
       Ring mail         |    21 |    30 |    62 ||   113
       Scale mail        |       |       |    29 ||    29
       Leather armour    |       |       |    16 ||    16
Dodge: Dodged            |    59 |    21 |   110 ||   190

Table legend:
 A = Non-vault XP
 B = Vault XP
 C = Vault XP percentage of total XP
 D = Non-vault monster count
 E = Vault monster count
 F = Vault count percentage of total count
                 A         B        C        D         E       F
            +---------+---------+-------+---------+---------+-------
      Total |    2949 |    1328 |  31.0 |     145 |      23 |  13.7
            +---------+---------+-------+---------+---------+-------
        D:1 |      51 |       0 |   0.0 |      25 |       0 |   0.0
        D:2 |      84 |       0 |   0.0 |      30 |       0 |   0.0
        D:3 |      35 |       9 |  20.5 |      12 |       7 |  36.8
        D:4 |     465 |     871 |  65.2 |      17 |       3 |  15.0
        D:5 |     475 |     169 |  26.2 |      18 |       1 |   5.3
        D:6 |     613 |     162 |  20.9 |      11 |       6 |  35.3
        D:7 |    1226 |       0 |   0.0 |      32 |       0 |   0.0
      Sewer |       0 |     117 | 100.0 |       0 |       6 | 100.0
            +---------+---------+-------+---------+---------+-------
